 Dungeon Crawl Stone Soup version 0.25-a0-413-g3b4b6a4ccc (webtiles) character file.

Game seed: 16007119392124129750, levelgen mode: deterministic

380 L75 the Firebug (level 7, -4/46 HPs)
             Began as a Human Fire Elementalist on Jan 17, 2020.
             Slain by Crazy Yiuf
             ... wielding a +2 quarterstaff of chaos
              (6 damage)
             ... on level 3 of the Dungeon.
             The game lasted 01:12:07 (4074 turns).

L75 the Firebug (Human Fire Elementalist)           Turns: 4074, Time: 01:12:07

Health: -4/46      AC:  3    Str:  8    XL:     7   Next: 5%
Magic:  10/12      EV: 13    Int: 23    God:
Gold:   72         SH:  0    Dex: 13    Spells: 12/13 levels left

rFire    . . .     SeeInvis .   r - +0 short sword
rCold    . . .     Gourm    +   (no shield)
rNeg     . . .     Faith    .   a - +0 robe
rPois    .         Spirit   .   (no helmet)
rElec    .         Reflect  .   b - +0 cloak
rCorr    .         Harm     .   (no gloves)
MR       .....                  (no boots)
Stlth    ++........             q - amulet of the gourmand
HPRegen  0.15/turn              (no ring)
MPRegen  0.13/turn              (no ring)

@: brilliant, lethally poisoned (-4 -> -9), slowed, very slow
A: no striking features
a: no special abilities


You were on level 3 of the Dungeon.
You were not hungry.

You visited 1 branch of the dungeon, and saw 3 of its levels.

You collected 72 gold pieces.

Inventory:

Hand Weapons
 d - a +0 dagger
 r - a +0 short sword (weapon)
Missiles
 i - 12 poisoned darts (quivered)
 j - 56 stones
Armour
 a - a +0 robe (worn)
 b - a +0 cloak (worn)
Jewellery
 e - an uncursed amulet of guardian spirit
 q - an amulet of the gourmand (around neck)
Wands
 n - a wand of acid (7)
Scrolls
 g - a scroll of identify
 m - a scroll of enchant weapon {unknown}
 s - 2 scrolls of remove curse {unknown}
 t - a scroll of magic mapping {unknown}
 v - a scroll of teleportation {unknown}
Potions
 f - a potion of heal wounds {unknown}
 h - a potion of berserk rage {unknown}
 o - a potion of magic {unknown}
 p - a potion of might {unknown}
 u - a potion of ambrosia {unknown}
Comestibles
 c - 4 rations


   Skills:
 - Level 3.0 Dodging
 - Level 3.0 Stealth
 + Level 3.6 Spellcasting
 + Level 3.4 Conjurations
 + Level 4.4 Fire Magic


You had 12 spell levels left.
You knew the following spells:

 Your Spells              Type           Power        Failure   Level  Hunger
a - Foxfire               Conj/Fire      ####         1%          1    None

Your spell library contained the following spells:

 Spells                   Type           Power        Failure   Level  Hunger
 Conjure Flame            Conj/Fire      #####...     1%          3    ###....
 Inner Flame              Hex/Fire       ####....     1%          3    ###....
 Sticky Flame             Conj/Fire      #####...     2%          4    ####...
 Fireball                 Conj/Fire      #####.....   7%          5    ######.


Dungeon Overview and Level Annotations

Branches:
Dungeon (3/15)

Altars:
Ashenzari
Cheibriados
Qazlal
Ru
Yredelemnul

Annotations:
D:3 Crazy Yiuf


Message History

Crazy Yiuf sings, "Trees, trees, trees, circus!"
Crazy Yiuf hits you with a +2 quarterstaff of chaos.
Casting: Foxfire (safe; 3% risk of failure)
Confirm with . or Enter, or press ? or * to list all spells.
You conjure some foxfire!
Crazy Yiuf misses you.
Crazy Yiuf hits you with a +2 quarterstaff of chaos!
* * * LOW HITPOINT WARNING * * *
The foxfire hits Crazy Yiuf.
Crazy Yiuf is heavily wounded.
The foxfire hits Crazy Yiuf but does no damage.
Crazy Yiuf is heavily wounded.
Crazy Yiuf hits you with a +2 quarterstaff of chaos.
* * * LOW HITPOINT WARNING * * *
You are lethally poisoned!
It was a potion of brilliance.
You feel clever all of a sudden.
* * * LOW HITPOINT WARNING * * *
You feel sick.
Crazy Yiuf hits you with a +2 quarterstaff of chaos.
You die...

#########.#####.......
#.........# #.######
#.#######.# #.# ###.
#.# ### ### #... #.#
##.. #.# #... #.#####
### #... #.....##
###..)# ####
#^..§@g####.'...#
##..§...#..##...#
##....#.### ###
########


You could see Crazy Yiuf.

Vanquished Creatures
  Grinder (D:3)
  2 worker ants (D:3)
  5 adders
  2 worms
  2 dart slugs
  2 leopard geckos
  3 orcs
  A ball python (D:2)
  8 giant cockroaches
  5 goblins
  15 hobgoblins
  2 jackals (D:1)
  6 kobolds
  3 quokkas (D:2)
  8 bats
  4 frilled lizards
  7 rats
76 creatures vanquished.

Vanquished Creatures (others)
  271 foxfires
  4 toadstools (D:1)
275 creatures vanquished.

Grand Total: 351 creatures vanquished

Notes
Turn   | Place    | Note
-------+----------+-------------------------------------------
     0 | D:1      | L75 the Human Fire Elementalist began the quest for the
                  | Orb.
     0 | D:1      | Reached XP level 1. HP: 13/13 MP: 3/3
   181 | D:1      | Reached XP level 2. HP: 19/19 MP: 1/5
   727 | D:1      | Reached XP level 3. HP: 24/24 MP: 4/6
  1126 | D:2      | Found a snail-covered altar of Cheibriados.
  1260 | D:2      | Found a sacrificial altar of Ru.
  1337 | D:2      | Reached XP level 4. HP: 30/30 MP: 5/7
  2540 | D:3      | Found a stormy altar of Qazlal.
  2550 | D:3      | Reached XP level 5. HP: 35/35 MP: 5/8
  2691 | D:3      | Found a basalt altar of Yredelemnul.
  2691 | D:3      | Found a snail-covered altar of Cheibriados.
  2692 | D:3      | Found a shattered altar of Ashenzari.
  3262 | D:3      | Noticed Grinder
  3846 | D:3      | Paralysed by Grinder for 2 turns
  3859 | D:3      | Paralysed by Grinder for 3 turns
  3864 | D:3      | Killed Grinder
  3864 | D:3      | Reached skill level 4 in Fire Magic
  3864 | D:3      | Reached XP level 6. HP: 20/41 MP: 1/11
  3864 | D:3      | Reached XP level 7. HP: 23/46 MP: 1/12
  4050 | D:3      | Found a runed translucent door.
  4051 | D:3      | Noticed Crazy Yiuf
  4074 | D:3      | HP: 2/46 [poisoned by Crazy Yiuf]
  4074 | D:3      | Slain by Crazy Yiuf

Levels and vault maps discovered:
D:1:      ldierk_water_garden, layout_loops_cross
D:2:      layout_basic, lemuel_crystal_altar, kennysheep_slug_shrine
D:3:      layout_loops_cross, gammafunk_temple_overflow_forgotten,
          nicolae_overflow_crystal_walls, first_ration, uniq_grinder,
          uniq_crazy_yiuf_cottage

Skill      XL: |  1  2  3  4  5 |
---------------+----------------+-----
Conjurations   | 2 3 |  3.4
Stealth        | 3 |  3.0
Dodging        | 3 |  3.0
Spellcasting   | 3 |  3.6
Fire Magic     | 4 |  4.4

Action                   |  1- 3 |  4- 6 |  7- 9 || total
-------------------------+-------+-------+-------++-------
Melee: Short sword       |       |     1 |       ||     1
 Cast: Foxfire           |    56 |   114 |     3 ||   173
  Use: Scroll            |     1 |     2 |       ||     3
       Potion            |       |     2 |     2 ||     4
  Eat: Chunk             |     2 |    11 |       ||    13
       Ration            |       |     1 |       ||     1
Armor: Robe              |     3 |     8 |       ||    11
Dodge: Dodged            |     3 |    34 |     1 ||    38

Table legend:
 A = Non-vault XP
 B = Vault XP
 C = Vault XP percentage of total XP
 D = Non-vault monster count
 E = Vault monster count
 F = Vault count percentage of total count
                 A         B        C        D         E       F
            +---------+---------+-------+---------+---------+-------
      Total |     259 |     285 |  52.4 |      74 |       2 |   2.6
            +---------+---------+-------+---------+---------+-------
        D:1 |      31 |       0 |   0.0 |      17 |       0 |   0.0
        D:2 |      82 |       4 |   4.7 |      30 |       1 |   3.2
        D:3 |     146 |     281 |  65.8 |      27 |       1 |   3.6
            +---------+---------+-------+---------+---------+-------
